 Dungeon Crawl Stone Soup version 0.31.0-11-ge490571c62 (webtiles) character file.

Game seed: 10649416296071776019

28618 qw the Spry (level 13, -1/65 HPs)
             Began as a Spriggan Hunter on Feb 3, 2024.
             Was a High Priest of Okawaru.
             Succumbed to a cane toad's poison
             ... on level 4 of the Lair of Beasts.
             The game lasted 00:03:17 (11296 turns).

qw the Spry (Spriggan Hunter)                      Turns: 11296, Time: 00:03:17

Health: -1/65      AC:  3    Str:  7    XL:     13   Next: 10%
Magic:  16/21      EV: 42    Int: 10    God:    Okawaru [*****.]
Gold:   487        SH:  0    Dex: 30    Spells: 12/12 levels left

rFire   . . .        c - +4 arbalest (elec)
rCold   . . .        (shield currently unavailable)
rNeg    . . .        j - +0 troll leather armour
rPois   .            (helmet restricted)
rElec   .            (no cloak)
rCorr   .            (gloves unavailable)
SInv    +            (boots unavailable)
Will    ++...        t - amulet of faith
Stlth   +++          k - +6 ring of dexterity
HPRegen 1.10/turn    g - +5 ring of evasion
MPRegen 0.17/turn

%: faith
@: lethally poisoned (-1 -> -10), about to teleport, finesse-ful, very quick
A: very small, no large weapons, unfitting armour, see invisible, speed 3
a: Renounce Religion, Heroism, Finesse, Duel


You were on level 4 of the Lair of Beasts.
You worshipped Okawaru.
Okawaru was extremely pleased with you.
You visited 3 branches of the dungeon, and saw 16 of its levels.
You also visited: Gauntlet.

You collected 877 gold pieces.
You spent 390 gold pieces at shops.


Innate Abilities, Weirdness & Mutations

You are very small and have problems with some larger weapons.
You are too small for most types of armour.
You have supernaturally acute eyesight. (SInv)
You cover ground extremely quickly. (Speed+++)


   Skills:
 - Level 6.0 Fighting
 + Level 14.7 Ranged Weapons
 - Level 1.0 Armour
 - Level 16.2 Dodging
 - Level 1.5 Stealth
 - Level 10.0 Invocations


You had 12 spell levels left.
You didn't know any spells.
Your spell library was empty.

Inventory:

Hand Weapons
 c - a +4 arbalest of electrocution (weapon)
Armour
 j - a +0 troll leather armour (worn)
 l - the scarf of Muamery {rC+ rF+, rElec rCorr Str-3 Stlth+}
   (Okawaru gifted it to you on level 4 of the Lair of Beasts)

   Str-3:     It affects your strength (-3).
   rElec:     It insulates you from electricity.
   rCorr:     It protects you from acid and corrosion.
   Stlth+:    It makes you more stealthy.
Jewellery
 g - a +5 ring of evasion (right hand)
 k - a +6 ring of dexterity (left hand)
 p - an amulet of reflection
 t - an amulet of faith (around neck)
 Y - a ring of protection from fire
Wands
 b - a wand of polymorph (10)
 d - a wand of paralysis (12)
 h - a wand of light (17)
 r - a wand of roots (3)
Scrolls
 q - 5 scrolls of teleportation
Potions
 a - 3 potions of magic
 e - a potion of curing
 f - a potion of lignification {unknown}
 i - a potion of invisibility {unknown}
 m - a potion of resistance {unknown}
 n - 2 potions of haste
 o - a potion of berserk rage {unknown}

Dungeon Overview and Level Annotations

Branches:
Dungeon (11/15)            Temple (1/1) D:6            Lair (4/5) D:10
 Shoals (0/4) Lair:3        Snake (0/4) Lair:3          Orc (0/2) D:10
Gauntlet (visited)
  Slime: Lair:4-5

Altars:
Ashenzari
Dithmenos
Elyvilon
Fedhas
Gozag
Hepliaklqana
Kikubaaqudgha
Makhleb
Nemelex Xobeh
Okawaru
Ru
Sif Muna
Trog
Uskayaw
Vehumet
Wu Jian
Yredelemnul
Zin
The Shining One

Shops:
D:2 !   D:9 =(   D:10 [

Portals:
Volcano: Lair:3

Annotations:
D:7 2 transporters, qw's ghost, novice GrHu


Message History

An elephant comes into view.
The cane toad misses you. The blink frog completely misses you.
The elephant completely misses you. x2
11291 ||| INVOKING Finesse.
You can now deal lightning-fast blows.
You feel sick.
A black mamba comes into view.
The elephant completely misses you. The elephant trunk-slaps you.
You shoot a bolt. The elephant trumpets!
The black mamba hisses angrily.
The bolt hits the elephant!
Lightning courses through the elephant!!
You kill the elephant!
Okawaru accepts your kill. The blink frog completely misses you.
You shoot a bolt.
The bolt completely misses the cane toad.
The bolt hits the elephant.
The elephant is lightly wounded.
You feel sick. The cane toad completely misses you.
The elephant tramples the fungus.
The fungus begins to die.
The elephant trunk-slaps the fungus.
The blink frog hits you.
You shoot a bolt. The bolt hits the cane toad.
The cane toad is heavily wounded.
You feel sick.
You are no longer poisoned.
The blink frog completely misses you. The cane toad stings you!
The blink frog barely misses you.
11295 ||| READING 6 scrolls of teleportation.
As you read the scroll of teleportation, it crumbles to dust.
You feel strangely unstable. The blink frog completely misses you.
The blink frog blinks!
The cane toad stings you!
You are lethally poisoned!
The cane toad poisons you!
You shoot a bolt. The bolt hits the cane toad!
Lightning courses through the cane toad!!
You kill the cane toad!
Okawaru accepts your kill.
You die...

}........... .#.####..##.#
........#..## ..# #..####
#..F.......##.>### ##...#
....ยค...........# #...##
...#.##.P....#...# ##..##
...F.............####....#
...###.#.SYY....P##....####
#####%F...............
#@F...............
##P..............#
##....####.....##
##....####....#
#....#.#P....##
###..............
#.#....####...... ##.....#
#...... #.....# #......


You could see 2 elephants, a black mamba and 2 blink frogs.

Vanquished Creatures
  Gastronok (Lair:3)
  A minotaur (Gauntlet)
  A slime creature (D:9)
  Fannar (Lair:2)
  A hydra (Lair:2)
  Erica (D:8)
  A boulder beetle (D:11)
  A two-headed ogre (D:9)
  Urug (Lair:2)
  Nergalle (Lair:3)
  Amaemon (Lair:1)
  A skyshark (Lair:2)
  2 manticores (Lair:3)
  7 elephants
  3 black mambas
  An orange demon (Lair:1)
  10 cane toads
  A gargoyle (D:6)
  Jeremiah (D:8)
  4 rime drakes
  3 kobold demonologists (D:11)
  3 komodo dragons (Lair:1)
  A hornet (Lair:1)
  A blink frog (Lair:4)
  2 shadows
  12 yaks
  A wyvern (D:9)
  2 steam dragons
  4 basilisks
  3 nagas (Lair:3)
  2 swamp worms (Gauntlet)
  13 water moccasins
  2 orc warriors
  An ice beast (D:6)
  3 black bears
  2 ogres
  5 centaurs
  12 wolves
  4 kobold brigands
  13 bullfrogs
  A gnoll sergeant (D:7)
  4 scorpions
  7 wights (D:8)
  13 killer bees
  2 howler monkeys (D:10)
  A bombardier beetle (D:6)
  4 hounds
  A gnoll bouda (D:4)
  5 orc priests
  2 jellies (D:6)
  Jessica (D:2)
  Ijyb (D:4)
  14 orc wizards
  5 iguanas
  Robin (D:4)
  9 gnolls
  2 adders
  2 ufetubi (D:6)
  A dart slug (D:4)
  5 ribbon worms
  25 orcs
  6 endoplasms
  3 giant cockroaches
  12 goblins
  12 hobgoblins
  7 jackals
  21 kobolds
  3 quokkas
  7 ball pythons
  3 bats
  5 frilled lizards
  2 rats
317 creatures vanquished.

Vanquished Creatures (others)
  An orc (D:6)
1 creature vanquished.

Grand Total: 318 creatures vanquished

Notes
Turn   | Place    | Note
-------+----------+-------------------------------------------
     0 | D:1      | qw the Spriggan Hunter began the quest for the Orb.
     0 | D:1      | Reached XP level 1. HP: 10/10 MP: 2/2
     0 | D:1      | 0 ||| qw: Version: 0.3-a-155-g5e7d8dd
     0 | D:1      | 0 ||| qw: Game counter: 3110
     0 | D:1      | 0 ||| qw: Melee chars always use a shield: true
     0 | D:1      | 0 ||| qw: God list: Okawaru
     0 | D:1      | 0 ||| qw: Allow faded altars: false
     0 | D:1      | 0 ||| qw: Do Orc after clearing Dungeon:15 true
     0 | D:1      | 0 ||| qw: Do second Lair branch before Depths: true
     0 | D:1      | 0 ||| qw: Lair rune preference: random
     0 | D:1      | 0 ||| qw: Goals: Normal
     0 | D:1      | 0 ||| PLANNING D:1-11
    32 | D:1      | Reached skill level 3 in Dodging
   288 | D:1      | Reached XP level 2. HP: 14/14 MP: 3/3
   545 | D:1      | Reached skill level 4 in Dodging
   943 | D:1      | 943 ||| UPGRADING to ring of protection from fire.
   944 | D:1      | 944 ||| READING scroll labelled NOEFIUP JEWE.
   945 | D:1      | 945 ||| DRINKING 2 ruby potions.
   946 | D:1      | 946 ||| DROPPING scroll of butterflies.
  1018 | D:2      | Reached XP level 3. HP: 18/18 MP: 4/4
  1154 | D:2      | 1154 ||| FLEEEEING.
  1158 | D:2      | 1158 ||| FLEEEEING.
  1246 | D:2      | Noticed Jessica
  1251 | D:2      | Killed Jessica
  1252 | D:2      | Reached XP level 4. HP: 22/22 MP: 5/5
  1381 | D:2      | Found Laocsis's Distillery.
  1389 | D:2      | 1389 ||| SHOPLISTING 2 potions of enlightenment (100 gold,
                  | have 78).
  1389 | D:2      | 1389 ||| BUYING potion of curing (30 gold).
  1389 | D:2      | Bought a potion of curing for 30 gold pieces
  1389 | D:2      | 1389 ||| SHOPLISTING potion of heal wounds (50 gold, have
                  | 48).
  1562 | D:2      | 1562 ||| READING scroll labelled YFUIQEOMIK.
  1563 | D:2      | 1563 ||| READING scroll labelled BORESI XEUSKEY.
  1563 | D:2      | 1563 ||| IDENTIFYING fuming purple potion
  1564 | D:2      | 1564 ||| READING scroll labelled LEIJYG SOKH.
  1565 | D:2      | 1565 ||| READING scroll labelled XOZUOR GIYM.
  1566 | D:2      | 1566 ||| DROPPING potion of ambrosia.
  1605 | D:3      | Found a hide-covered altar of Uskayaw.
  1691 | D:3      | Identified the +7 war axe "Ucir" {drain, rPois rC+ Will+
                  | Int-3}
  2086 | D:3      | Found a burning altar of Makhleb.
  2135 | D:3      | 2135 ||| UPGRADING to +5 ring of evasion.
  2136 | D:3      | 2136 ||| READING 2 scrolls of identify.
  2136 | D:3      | 2136 ||| IDENTIFYING viscous inky potion
  2137 | D:3      | 2137 ||| READING scroll of identify.
  2137 | D:3      | 2137 ||| IDENTIFYING scroll labelled PEDIEX FYFRE
  2138 | D:3      | 2138 ||| READING scroll of enchant weapon.
  2138 | D:3      | 2138 ||| ENCHANTING +0 shortbow.
  2139 | D:3      | 2139 ||| DROPPING potion of magic.
  2205 | D:4      | Noticed a bullfrog
  2206 | D:4      | 2206 ||| ZAPPING wand of paralysis (8) at -5,-1 (bullfrog;
                  | floor).
  2211 | D:4      | Killed a bullfrog
  2212 | D:4      | Reached skill level 5 in Dodging
  2212 | D:4      | Reached XP level 5. HP: 25/25 MP: 6/6
  2236 | D:4      | 2236 ||| RETREEEEATING.
  2443 | D:4      | Noticed Ijyb
  2454 | D:4      | Killed Ijyb
  2455 | D:4      | Reached XP level 6. HP: 18/30 MP: 7/7
  2544 | D:4      | 2544 ||| FLEEEEING.
  2558 | D:4      | 2558 ||| FLEEEEING.
  2561 | D:4      | 2561 ||| FLEEEEING.
  2562 | D:4      | 2562 ||| FLEEEEING.
  2565 | D:4      | 2565 ||| FLEEEEING.
  2566 | D:4      | 2566 ||| FLEEEEING.
  2567 | D:4      | 2567 ||| FLEEEEING.
  2568 | D:4      | 2568 ||| FLEEEEING.
  2590 | D:4      | Noticed Robin
  2613 | D:4      | Killed Robin
  2673 | D:4      | Found a basalt altar of Yredelemnul.
  2683 | D:4      | Reached skill level 6 in Ranged Weapons
  3055 | D:4      | 3055 ||| UPGRADING to amulet of the acrobat.
  3060 | D:4      | 3060 ||| DROPPING ring of resist corrosion.
  3061 | D:4      | 3061 ||| READING 2 scrolls labelled BOCLAX XUEKKIPP.
  3115 | D:4      | 3115 ||| DROPPING scroll of torment.
  3153 | D:5      | Entered Level 5 of the Dungeon
  3302 | D:5      | 3302 ||| READING scroll of enchant weapon.
  3302 | D:5      | 3302 ||| ENCHANTING +1 shortbow.
  3345 | D:5      | 3345 ||| DRINKING 2 potions of curing.
  3345 | D:5      | 3345 ||| (to cure confusion)
  3348 | D:5      | Reached skill level 6 in Dodging
  3463 | D:5      | Reached XP level 7. HP: 23/35 MP: 8/8
  3640 | D:5      | Reached skill level 7 in Dodging
  3814 | D:5      | Found a white marble altar of Elyvilon.
  3937 | D:5      | 3937 ||| DROPPING ring of ice.
  3938 | D:5      | 3938 ||| DROPPING +6 ring of strength.
  3939 | D:5      | 3939 ||| UPGRADING to +6 ring of dexterity.
  3941 | D:5      | 3941 ||| READING scroll of identify.
  3941 | D:5      | 3941 ||| IDENTIFYING yellow potion
  3942 | D:5      | 3942 ||| READING scroll labelled BOBBIO ANWUIR.
  3943 | D:5      | 3943 ||| READING scroll labelled HAQOCRUXOISCH.
  3943 | D:5      | 3943 ||| ENCHANTING +2 shortbow.
  3944 | D:5      | 3944 ||| DROPPING potion of attraction.
  4050 | D:6      | Reached skill level 8 in Dodging
  4122 | D:6      | Found a staircase to the Ecumenical Temple.
  4123 | D:6      | 4123 ||| PLANNING TEMPLE
  4132 | Temple   | Entered the Ecumenical Temple
  4133 | Temple   | 4133 ||| PLANNING OKAWARU WORSHIP
  4141 | Temple   | Became a worshipper of Warmaster Okawaru
  4142 | Temple   | 4142 ||| PLANNING D:1-11
  4194 | D:6      | Reached skill level 9 in Dodging
  4197 | D:6      | Reached * piety under Okawaru
  4198 | D:6      | Reached XP level 8. HP: 34/39 MP: 9/9
  4242 | D:6      | Reached skill level 1 in Invocations
  4509 | D:6      | Reached skill level 3 in Invocations
  4512 | D:6      | Reached skill level 3 in Fighting
  4626 | D:6      | 4626 ||| RETREEEEATING.
  4630 | D:6      | 4630 ||| RETREEEEATING.
  4631 | D:6      | 4631 ||| RETREEEEATING.
  4632 | D:6      | 4632 ||| RETREEEEATING.
  4633 | D:6      | 4633 ||| RETREEEEATING.
  4634 | D:6      | 4634 ||| RETREEEEATING.
  4635 | D:6      | 4635 ||| RETREEEEATING.
  4640 | D:6      | 4640 ||| RETREEEEATING.
  4641 | D:6      | 4641 ||| RETREEEEATING.
  4643 | D:6      | 4643 ||| INVOKING Heroism.
  4644 | D:6      | 4644 ||| RETREEEEATING.
  4657 | D:6      | Reached ** piety under Okawaru
  4838 | D:6      | 4838 ||| READING scroll labelled TIERCH DODA.
  4842 | D:6      | 4842 ||| READING 2 scrolls labelled KORAJE WAJAMIR.
  4842 | D:6      | 4842 ||| BRANDING +2 shortbow.
  4850 | D:7      | Noticed a gargoyle
  4851 | D:7      | 4851 ||| STAIRDANCE
  4855 | D:7      | 4855 ||| STAIRDANCE
  4857 | D:6      | 4857 ||| INVOKING Heroism.
  4862 | D:6      | Killed a gargoyle
  4863 | D:6      | Reached XP level 9. HP: 28/44 MP: 9/13
  4920 | D:6      | 4920 ||| DROPPING wand of flame (15).
  4957 | D:7      | Noticed a moth of wrath
  4958 | D:7      | Found a bloodstained altar of Trog.
  4960 | D:7      | Noticed qw's ghost (novice GrHu)
  4965 | D:7      | Found a transporter.
  4969 | D:7      | Found a transporter.
  4973 | D:7      | Noticed a two-headed ogre
  5054 | D:7      | 5054 ||| SWAPPING to +0 orcbow.
  5055 | D:7      | 5055 ||| DROPPING +2 heavy shortbow.
  5056 | D:7      | 5056 ||| READING scroll of brand weapon.
  5056 | D:7      | 5056 ||| BRANDING +0 orcbow.
  5171 | D:7      | Reached skill level 10 in Dodging
  5316 | D:7      | Reached skill level 9 in Ranged Weapons
  5507 | D:7      | 5507 ||| FLEEEEING.
  5508 | D:7      | 5508 ||| FLEEEEING.
  5509 | D:7      | 5509 ||| FLEEEEING.
  5510 | D:7      | 5510 ||| FLEEEEING.
  5511 | D:7      | 5511 ||| FLEEEEING.
  5512 | D:7      | 5512 ||| FLEEEEING.
  5513 | D:7      | 5513 ||| FLEEEEING.
  5514 | D:7      | 5514 ||| STAIRDANCE
  5516 | D:6      | 5516 ||| FLEEEEING.
  5517 | D:6      | 5517 ||| FLEEEEING.
  5518 | D:6      | 5518 ||| FLEEEEING.
  5519 | D:6      | 5519 ||| FLEEEEING.
  5520 | D:6      | 5520 ||| FLEEEEING.
  5521 | D:6      | 5521 ||| FLEEEEING.
  5522 | D:6      | 5522 ||| FLEEEEING.
  5523 | D:6      | 5523 ||| FLEEEEING.
  5524 | D:6      | 5524 ||| FLEEEEING.
  5525 | D:6      | 5525 ||| FLEEEEING.
  5526 | D:6      | 5526 ||| FLEEEEING.
  5527 | D:6      | 5527 ||| FLEEEEING.
  5528 | D:6      | 5528 ||| FLEEEEING.
  5529 | D:6      | 5529 ||| FLEEEEING.
  5530 | D:6      | 5530 ||| FLEEEEING.
  5531 | D:6      | 5531 ||| FLEEEEING.
  5532 | D:6      | 5532 ||| FLEEEEING.
  5533 | D:6      | 5533 ||| FLEEEEING.
  5534 | D:6      | 5534 ||| FLEEEEING.
  5535 | D:6      | 5535 ||| FLEEEEING.
  5536 | D:6      | 5536 ||| FLEEEEING.
  5537 | D:6      | 5537 ||| FLEEEEING.
  5538 | D:6      | 5538 ||| FLEEEEING.
  5539 | D:6      | 5539 ||| FLEEEEING.
  5540 | D:6      | 5540 ||| FLEEEEING.
  5541 | D:6      | 5541 ||| FLEEEEING.
  5542 | D:6      | 5542 ||| FLEEEEING.
  5543 | D:6      | 5543 ||| FLEEEEING.
  5544 | D:6      | 5544 ||| FLEEEEING.
  5545 | D:6      | 5545 ||| FLEEEEING.
  5546 | D:6      | 5546 ||| FLEEEEING.
  5547 | D:6      | 5547 ||| FLEEEEING.
  5548 | D:6      | 5548 ||| FLEEEEING.
  5549 | D:6      | 5549 ||| FLEEEEING.
  5567 | D:6      | 5567 ||| READING 2 scrolls of identify.
  5567 | D:6      | 5567 ||| IDENTIFYING amethyst potion
  5568 | D:6      | 5568 ||| READING scroll of identify.
  5568 | D:6      | 5568 ||| IDENTIFYING fizzy yellow potion
  5569 | D:6      | 5569 ||| DROPPING potion of brilliance.
  5640 | D:8      | 5640 ||| STAIRDANCE
  5645 | D:8      | 5645 ||| STAIRDANCE
  5655 | D:8      | 5655 ||| STAIRDANCE
  5662 | D:8      | Reached skill level 11 in Dodging
  5788 | D:8      | Reached *** piety under Okawaru
  6043 | D:8      | Noticed Erica
  6044 | D:8      | 6044 ||| INVOKING Heroism.
  6047 | D:8      | Killed Erica
  6047 | D:8      | Reached **** piety under Okawaru
  6048 | D:8      | Reached skill level 12 in Dodging
  6193 | D:8      | Found a blossoming altar of Fedhas.
  6370 | D:8      | Noticed Jeremiah
  6371 | D:8      | 6371 ||| INVOKING Finesse.
  6380 | D:8      | 6380 ||| FLEEEEING.
  6384 | D:8      | 6384 ||| FLEEEEING.
  6385 | D:8      | 6385 ||| FLEEEEING.
  6386 | D:8      | 6386 ||| FLEEEEING.
  6388 | D:8      | 6388 ||| FLEEEEING.
  6389 | D:8      | 6389 ||| FLEEEEING.
  6391 | D:8      | 6391 ||| FLEEEEING.
  6392 | D:8      | 6392 ||| FLEEEEING.
  6396 | D:8      | 6396 ||| FLEEEEING.
  6400 | D:8      | 6400 ||| INVOKING Heroism.
  6408 | D:8      | 6408 ||| FLEEEEING.
  6408 | D:8      | HP: 4/44 [Jeremiah/divine providence (14)]
  6409 | D:8      | 6409 ||| FLEEEEING.
  6410 | D:8      | 6410 ||| FLEEEEING.
  6411 | D:8      | 6411 ||| FLEEEEING.
  6414 | D:8      | 6414 ||| FLEEEEING.
  6415 | D:8      | 6415 ||| FLEEEEING.
  6417 | D:8      | 6417 ||| FLEEEEING.
  6419 | D:8      | 6419 ||| FLEEEEING.
  6420 | D:8      | 6420 ||| FLEEEEING.
  6422 | D:8      | 6422 ||| FLEEEEING.
  6426 | D:8      | 6426 ||| FLEEEEING.
  6427 | D:8      | 6427 ||| FLEEEEING.
  6428 | D:8      | 6428 ||| FLEEEEING.
  6431 | D:8      | 6431 ||| FLEEEEING.
  6432 | D:8      | 6432 ||| FLEEEEING.
  6440 | D:8      | 6440 ||| INVOKING Heroism.
  6446 | D:8      | 6446 ||| FLEEEEING.
  6447 | D:8      | 6447 ||| FLEEEEING.
  6448 | D:8      | 6448 ||| FLEEEEING.
  6449 | D:8      | 6449 ||| FLEEEEING.
  6454 | D:8      | 6454 ||| FLEEEEING.
  6467 | D:8      | 6467 ||| ZAPPING wand of light (13) at 2,2 (Jeremiah;
                  | floor).
  6470 | D:8      | HP: 4/44 [Jeremiah/divine providence (15)]
  6475 | D:8      | 6475 ||| INVOKING Heroism.
  6499 | D:8      | Killed Jeremiah
  6500 | D:8      | Reached XP level 10. HP: 14/49 MP: 14/14
  6731 | D:8      | 6731 ||| UPGRADING to +0 troll leather armour.
  6741 | D:8      | 6741 ||| DROPPING +0 robe.
  6742 | D:8      | 6742 ||| READING scroll labelled HOLYNE NEIPIOS.
  6742 | D:8      | Identified a scroll of acquirement
  6742 | D:8      | 6742 ||| ACQUIRING +3 arbalest of electrocution
  6742 | D:8      | Acquired a +3 arbalest of electrocution
  6744 | D:8      | 6744 ||| SWAPPING to +3 arbalest of electrocution.
  6745 | D:8      | 6745 ||| DROPPING +0 heavy orcbow.
  6746 | D:8      | 6746 ||| DRINKING 2 blue potions.
  6989 | D:9      | You fall into a shaft and drop 2 floors!
  6996 | D:11     | 6996 ||| RETREEEEATING.
  6998 | D:11     | 6998 ||| RETREEEEATING.
  7005 | D:11     | Noticed a sun demon
  7005 | D:11     | 7005 ||| INVOKING Finesse.
  7006 | D:11     | 7006 ||| INVOKING Heroism.
  7012 | D:11     | Noticed an orange demon
  7022 | D:11     | Noticed a sun demon
  7093 | D:11     | Noticed a boulder beetle
  7094 | D:11     | 7094 ||| INVOKING Finesse.
  7101 | D:11     | Killed a boulder beetle
  7102 | D:11     | Reached skill level 13 in Dodging
  7136 | D:11     | 7136 ||| READING scroll labelled MIGAUMPI GORUPTO.
  7145 | D:10     | Entered Level 10 of the Dungeon
  7210 | D:10     | Found a staircase to the Lair.
  7321 | D:10     | Found a staircase to the Orcish Mines.
  7339 | D:10     | Found Gecucisy's Armour Emporium.
  7361 | D:10     | 7361 ||| SHOPLISTING +0 mask of the Dragon {Will+ Slay+3
                  | SInv} (534 gold, have 458).
  7388 | D:10     | 7388 ||| READING scroll labelled WUUPNAUVAL.
  7608 | D:9      | Found Symasul's Antique Weapon Shoppe.
  7617 | D:9      | Noticed a two-headed ogre
  7618 | D:9      | 7618 ||| INVOKING Finesse.
  7624 | D:9      | Killed a two-headed ogre
  7625 | D:9      | Reached skill level 12 in Ranged Weapons
  7723 | D:9      | Reached XP level 11. HP: 53/53 MP: 16/16
  7739 | D:9      | Found Imiodocw's Jewellery Shop.
  7743 | D:9      | 7743 ||| BUYING amulet of reflection (360 gold).
  7743 | D:9      | Bought an amulet of reflection for 360 gold pieces
  7755 | D:9      | 7755 ||| RETREEEEATING.
  7757 | D:9      | 7757 ||| RETREEEEATING.
  7761 | D:9      | 7761 ||| RETREEEEATING.
  7766 | D:9      | 7766 ||| INVOKING Finesse.
  7767 | D:9      | 7767 ||| ZAPPING wand of paralysis (7) at 0,1 (enormous
                  | slime creature; floor).
  7768 | D:9      | 7768 ||| ZAPPING wand of paralysis (6) at 0,1 (enormous
                  | slime creature; floor).
  7769 | D:9      | 7769 ||| FLEEEEING.
  7914 | D:9      | Reached skill level 6 in Invocations
  8282 | D:9      | 8282 ||| PLANNING LAIR
  8282 | D:9      | 8282 ||| UPGRADING to amulet of reflection.
  8292 | D:9      | 8292 ||| DROPPING amulet of the acrobat.
  8293 | D:9      | 8293 ||| DROPPING ring of protection from cold.
  8378 | Lair:1   | Entered Level 1 of the Lair of Beasts
  8418 | Lair:1   | Noticed Amaemon
  8420 | Lair:1   | 8420 ||| RETREEEEATING.
  8422 | Lair:1   | 8422 ||| RETREEEEATING.
  8424 | Lair:1   | 8424 ||| ZAPPING wand of light (12) at 4,3 (Amaemon;
                  | floor).
  8425 | Lair:1   | 8425 ||| ZAPPING wand of light (11) at 4,3 (Amaemon;
                  | floor).
  8427 | Lair:1   | 8427 ||| ZAPPING wand of light (10) at 3,2 (Amaemon;
                  | floor).
  8429 | Lair:1   | 8429 ||| INVOKING Finesse.
  8435 | Lair:1   | Killed Amaemon
  8436 | Lair:1   | HP: 12/55 [poisoned by scorpion (concentrated venom)]
  8441 | Lair:1   | HP: 10/55 [poisoned by scorpion (concentrated venom)]
  8509 | Lair:1   | Reached skill level 14 in Dodging
  8535 | Lair:1   | Reached ***** piety under Okawaru
  8629 | Lair:1   | 8629 ||| RETREEEEATING.
  8633 | Lair:1   | Received a gift from Okawaru
  8636 | Lair:1   | 8636 ||| RETREEEEATING.
  9261 | Lair:2   | 9261 ||| PLANNING GAUNTLET
  9266 | Lair:2   | Found a gate leading to a gauntlet.
  9278 | Lair:2   | Reached skill level 9 in Invocations
  9280 | Gauntlet | Entered a Gauntlet
  9280 | Gauntlet | Found a transporter.
  9290 | Gauntlet | Found a transporter.
  9292 | Gauntlet | Found a transporter.
  9293 | Gauntlet | Found a transporter.
  9302 | Gauntlet | Found a transporter.
  9304 | Gauntlet | Found a transporter.
  9305 | Gauntlet | Found a transporter.
  9312 | Gauntlet | Found a runed translucent gate.
  9312 | Gauntlet | Found a runed translucent gate.
  9314 | Gauntlet | Found a transporter.
  9317 | Gauntlet | Found a transporter.
  9318 | Gauntlet | Found a transporter.
  9324 | Gauntlet | Found a runed translucent door.
  9326 | Gauntlet | Found a runed translucent door.
  9326 | Gauntlet | Found a transporter.
  9326 | Gauntlet | Found a runed translucent gate.
  9326 | Gauntlet | Noticed a blizzard demon
  9328 | Gauntlet | Found the amulet of the Air {Inacc Air Fly rElec RMsl}
  9330 | Gauntlet | Found a transporter.
  9331 | Gauntlet | Found a transporter.
  9339 | Gauntlet | Found a transporter.
  9468 | Gauntlet | Noticed a minotaur
  9469 | Gauntlet | 9469 ||| INVOKING Finesse.
  9481 | Gauntlet | Killed a minotaur
  9482 | Gauntlet | Reached XP level 12. HP: 46/60 MP: 14/19
  9517 | Gauntlet | Identified the +9 hand axe "Imotwusu" {freeze, rN+ Dex+3}
  9530 | Gauntlet | 9530 ||| DROPPING +2 robe.
  9531 | Gauntlet | 9531 ||| UPGRADING to amulet of faith.
  9541 | Gauntlet | 9541 ||| DROPPING ring of wizardry.
  9554 | Lair:2   | 9554 ||| PLANNING LAIR
  9629 | Lair:2   | Received a gift from Okawaru
  9696 | Lair:2   | Noticed Fannar
  9697 | Lair:2   | 9697 ||| RETREEEEATING.
  9699 | Lair:2   | 9699 ||| RETREEEEATING.
  9701 | Lair:2   | 9701 ||| INVOKING Finesse.
  9709 | Lair:2   | Reached skill level 15 in Dodging
  9712 | Lair:2   | Killed Fannar
  9713 | Lair:2   | 9713 ||| RETREEEEATING.
  9714 | Lair:2   | 9714 ||| RETREEEEATING.
  9715 | Lair:2   | 9715 ||| RETREEEEATING.
  9742 | Lair:2   | Received a gift from Okawaru
  9770 | Lair:2   | Noticed Urug
  9775 | Lair:2   | Killed Urug
  9876 | Lair:2   | Noticed an eight-headed hydra
  9877 | Lair:2   | 9877 ||| INVOKING Finesse.
  9885 | Lair:2   | Killed an eight-headed hydra
  9985 | Lair:2   | Reached skill level 1 in Armour
 10036 | Lair:2   | Found a frozen archway.
 10368 | Lair:2   | 10368 ||| READING scroll labelled LENADYNKYN.
 10370 | Lair:2   | 10370 ||| Stepping ~*~*~tactically~*~*~ (cloud).
 10577 | Lair:3   | Noticed Gastronok
 10578 | Lair:3   | 10578 ||| RETREEEEATING.
 10581 | Lair:3   | 10581 ||| INVOKING Finesse.
 10586 | Lair:3   | HP: 2/60 [Gastronok/the air (33)]
 10587 | Lair:3   | 10587 ||| READING 6 scrolls of teleportation.
 10588 | Lair:3   | 10588 ||| DRINKING potion of heal wounds.
 10606 | Lair:3   | Killed Gastronok
 10606 | Lair:3   | Received a gift from Okawaru
 10607 | Lair:3   | Reached skill level 16 in Dodging
 10674 | Lair:3   | Found a staircase to the Shoals.
 10724 | Lair:3   | Found a staircase to the Snake Pit.
 10775 | Lair:3   | 10775 ||| RETREEEEATING.
 10777 | Lair:3   | 10777 ||| RETREEEEATING.
 10779 | Lair:3   | Reached skill level 6 in Fighting
 10855 | Lair:3   | Noticed Nergalle
 10856 | Lair:3   | Received a gift from Okawaru
 10857 | Lair:3   | Reached XP level 13. HP: 65/65 MP: 21/21
 10861 | Lair:3   | Killed Nergalle
 10890 | Lair:3   | Found a dark tunnel.
 10924 | Lair:3   | 10924 ||| READING scroll of enchant weapon.
 10924 | Lair:3   | 10924 ||| ENCHANTING +3 arbalest of electrocution.
 11141 | Lair:3   | 11141 ||| DROPPING +6 ring of intelligence.
 11142 | Lair:3   | 11142 ||| READING 2 scrolls labelled XUCRUME QUOJ FOHAT.
 11143 | Lair:3   | 11143 ||| DROPPING scroll of fear.
 11161 | Lair:4   | 11161 ||| RETREEEEATING.
 11163 | Lair:4   | 11163 ||| RETREEEEATING.
 11173 | Lair:4   | Reached ****** piety under Okawaru
 11186 | Lair:4   | 11186 ||| INVOKING Receive Weapon.
 11186 | Lair:4   | 11186 ||| ACQUIRING +4 heavy orcbow
 11186 | Lair:4   | Acquired a +4 heavy orcbow
 11186 | Lair:4   | Received a gift from Okawaru
 11187 | Lair:4   | 11187 ||| INVOKING Receive Armour.
 11187 | Lair:4   | 11187 ||| ACQUIRING scarf of Muamery {rC+ rF+, rElec rCorr
                  | Str-3 Stlth+}
 11187 | Lair:4   | Acquired the scarf of Muamery {rC+ rF+, rElec rCorr Str-3
                  | Stlth+}
 11187 | Lair:4   | Received a gift from Okawaru
 11277 | Lair:4   | 11277 ||| RETREEEEATING.
 11279 | Lair:4   | 11279 ||| RETREEEEATING.
 11280 | Lair:4   | 11280 ||| RETREEEEATING.
 11281 | Lair:4   | 11281 ||| RETREEEEATING.
 11282 | Lair:4   | 11282 ||| RETREEEEATING.
 11283 | Lair:4   | 11283 ||| RETREEEEATING.
 11284 | Lair:4   | 11284 ||| RETREEEEATING.
 11285 | Lair:4   | 11285 ||| RETREEEEATING.
 11288 | Lair:4   | 11288 ||| RETREEEEATING.
 11289 | Lair:4   | 11289 ||| RETREEEEATING.
 11291 | Lair:4   | 11291 ||| INVOKING Finesse.
 11294 | Lair:4   | HP: 14/65 [cane toad (17)]
 11295 | Lair:4   | 11295 ||| READING 6 scrolls of teleportation.
 11295 | Lair:4   | HP: 2/65 [cane toad (13)]
 11296 | Lair:4   | Succumbed to a cane toad's poison

Levels and vault maps discovered:
D:1:      dpeg_arrival_tiny_d, layout_basic, corexii_corridor_pit
D:2:      layout_loops_ring, serial_shops, shop_fountains, uniq_jessica
D:3:      layout_loops_ring, mainiacjoe_overflow_alcove_4, bloody_makhleb,
          st_stairs_7
D:4:      layout_basic, yredelemnul_altar_generic, minmay_misc_feat_nine_boxes,
          uniq_robin, uniq_ijyb
D:5:      layout_basic, mainiacjoe_overflow_alcove_1
D:6:      layout_cave_pools, minmay_temple_entry_poolview, serial_park,
          serial_park_square3 [serial_park_minivault_5x5_3], serial_park_square3
          [serial_park_minivault_5x5_3], serial_park_square2
D:7:      layout_loops_cross, gammafunk_ghost_wrathful_warriors,
          minmay_microvault
D:8:      layout_cave_pods, mainiacjoe_overflow_small_starburst, uniq_jeremiah,
          uniq_erica
D:9:      layout_gridville, serial_shops, shop, small_chamber_with_monster,
          grunt_decor_resistance, minmay_shop_enchanted_jewellery,
          grunt_ministairs_1
D:10:     layout_irregular_city, grunt_temple_overflow_open, lair_entry_dummy,
          orc_david_3, kennysheep_generic_room_10, uniq_harold
D:11:     layout_cave_pools
Temple:   nicolae_temple_two_arcs
Lair:1:   layout_regular_city, beast_lair_carwin_5, uniq_amaemon
Lair:2:   layout_cave_pods, portal_ice_cave_rime, gauntlet_entry_generic,
          uniq_urug, uniq_fannar
Lair:3:   layout_roguey, minmay_shoals_entry_beasts,
          minmay_snake_entry_guardpost_small, nicolae_volcano_entry_lava_flow,
          uniq_nergalle, uniq_gastronok
Lair:4:   beast_lair_carwin_large_2, layout_gridlike, gammafunk_ghost_cemetery,
          pond, grunt_megastairs_1

Skill      XL: |  1  2  3  4  5  6  7  8  9 10 11 12 |
---------------+-------------------------------------+-----
Dodging        | 3 4 5 6 9 12 13 14 16 | 16.2
Ranged Weapons | 5 7 8 10 12 13 14 | 14.7
Fighting       | 2 3 4 5 6 |  6.0
Invocations    | 4 5 9 10 | 10.0
Armour         | 1 |  1.0
Stealth        | |  1.5

Action                     |  1- 3 |  4- 6 |  7- 9 | 10-12 | 13-15 || total
---------------------------+-------+-------+-------+-------+-------++-------
   Fire: Shortbow          |   106 |   201 |   178 |       |       ||   485
         Orcbow            |       |       |    94 |       |       ||    94
         Arbalest          |       |       |       |   461 |    37 ||   498
 Invoke: Heroism           |       |       |     6 |     1 |       ||     7
         Finesse           |       |       |     1 |     9 |     1 ||    11
         Receive Weapon    |       |       |       |       |     1 ||     1
         Receive Armour    |       |       |       |       |     1 ||     1
  Evoke: Wand              |       |     1 |     1 |     5 |       ||     7
    Use: Scroll            |     1 |     9 |     8 |     5 |     3 ||    26
         Potion            |     1 |     1 |       |     2 |       ||     4
 Armour: Robe              |    12 |    28 |    27 |       |       ||    67
         Skin              |       |       |     1 |       |       ||     1
         Troll leather arm |       |       |       |    41 |    11 ||    52
  Dodge: Dodged            |    29 |   104 |   207 |   328 |    30 ||   698
  Block: Other             |       |       |       |    14 |       ||    14

Table legend:
 A = Non-vault XP
 B = Vault XP
 C = Vault XP percentage of total XP
 D = Non-vault monster count
 E = Vault monster count
 F = Vault count percentage of total count
                 A         B        C        D         E       F
            +---------+---------+-------+---------+---------+-------
      Total |   27540 |   13746 |  33.3 |     260 |      57 |  18.0
            +---------+---------+-------+---------+---------+-------
        D:1 |      27 |       0 |   0.0 |      15 |       0 |   0.0
        D:2 |      46 |      37 |  44.6 |      21 |       1 |   4.5
        D:3 |      34 |       0 |   0.0 |      11 |       0 |   0.0
        D:4 |     233 |      71 |  23.4 |      17 |      12 |  41.4
        D:5 |     457 |       0 |   0.0 |      12 |       0 |   0.0
        D:6 |     473 |    1475 |  75.7 |      12 |      17 |  58.6
        D:7 |     835 |       0 |   0.0 |      20 |       0 |   0.0
        D:8 |     985 |    1232 |  55.6 |      21 |       2 |   8.7
        D:9 |    2949 |    1270 |  30.1 |      41 |       3 |   6.8
       D:10 |     306 |     133 |  30.3 |       8 |       2 |  20.0
       D:11 |    2192 |       0 |   0.0 |      10 |       0 |   0.0
     Lair:1 |    6505 |    1450 |  18.2 |      28 |       5 |  15.2
     Lair:2 |    6896 |    2452 |  26.2 |      21 |       4 |  16.0
     Lair:3 |    3923 |    3803 |  49.2 |      16 |       7 |  30.4
     Lair:4 |    1679 |     489 |  22.6 |       7 |       1 |  12.5
   Gauntlet |       0 |    1334 | 100.0 |       0 |       3 | 100.0
            +---------+---------+-------+---------+---------+-------
